Description

Maru's variation of 2-1-1

Replay - DPGDark v Maru - Pillars of Gold LE

Build Order

Get SALT Encoding   

  12  0:00  SCV  
  13  0:12  SCV  
  14  0:17  Supply Depot  
  14  0:24  SCV  
  15  0:39  Barracks, SCV  
  16  0:44  Refinery  
  16  0:51  SCV  
  17  1:03  SCV  
  18  1:15  SCV  
  19  1:26  Reaper  
  19  1:27  Orbital Command  
  20  1:42  Command Center  
  20  1:52  SCV  
  20  1:53  Supply Depot  
  21  1:58  Reaper  
  22  2:04  SCV  
  23  2:11  Barracks  
  23  2:17  SCV  
  23  2:22  Refinery  
  24  2:29  SCV  
  25  2:36  Barracks Reactor  
  25  2:41  SCV  
  26  2:53  Factory, SCV  
  26  2:55  Orbital Command  
  27  2:59  Barracks Tech Lab  
  27  3:05  SCV  
  28  3:13  Command Center  
  28  3:17  SCV  
  29  3:21  SCV  
  29  3:22  Marine  
  29  3:24  Marine  
  32  3:27  Marine  
  32  3:30  Stimpack  
  33  3:40  SCV  
  33  3:41  Marine x2  
  34  3:45  Marine  
  34  3:46  Starport  
  34  3:48  Factory Reactor  
  37  3:49  SCV  
  37  3:54  SCV  
  39  3:59  Supply Depot  
  39  4:00  Marine x2  
  41  4:03  Marine  
  41  4:04  SCV  
  41  4:06  SCV  
  44  4:16  SCV  
  45  4:18  SCV  
  45  4:21  Marine x3  
  49  4:26  Orbital Command  
  49  4:29  SCV  
  49  4:30  SCV  
  51  4:32  Medivac x2, Factory Tech Lab  
  55  4:38  Marine x2  
  55  4:39  Marine  
  55  4:42  SCV  
  55  4:43  Supply Depot, SCV  
  60  4:48  Refinery  
  60  4:52  SCV  
  61  4:58  Factory  
  61  4:59  SCV  
  61  5:03  Engineering Bay  
  61  5:05  Marine x3  
  61  5:06  Engineering Bay, SCV  
  65  5:08  SCV  
  65  5:13  Starport Reactor  
  66  5:17  Armory  
  66  5:18  Refinery  
  66  5:19  Widow Mine  
  66  5:21  SCV x2  
  70  5:23  Marine  
  70  5:25  Supply Depot  
  70  5:27  Marine x2  
  73  5:33  SCV  
  74  5:41  Marine  
  75  5:46  Terran Infantry Weapons Level 1, Terran Infantry Armor Level 1, SCV, Marine x2  
  75  5:49  Supply Depot, SCV  
  79  5:52  Widow Mine x2  
  79  5:53  Widow Mine  
  85  5:59  Supply Depot  
  85  6:01  Combat Shield, Supply Depot  
  85  6:03  Drilling Claws  
  85  6:11  SCV x3  
  88  6:18  Supply Depot  
  88  6:21  Medivac x2  
  88  6:23  SCV x2  
  94  6:32  Marine x2  
  94  6:33  Widow Mine x2  
  94  6:34  Widow Mine  
  94  6:35  SCV x3  
  103  6:47  SCV x3  
  103  6:52  Medivac, Supply Depot  
  103  6:53  Supply Depot  
  108  6:59  SCV  
  110  7:01  SCV  
  110  7:04  Orbital Command  
  110  7:05  Marine x3  
  110  7:07  Widow Mine x2  
  104  7:11  SCV  
  104  7:13  Barracks  
  104  7:14  Barracks  
  104  7:15  SCV  
  103  7:18  Barracks  
  101  7:23  SCV  
  101  7:25  Marine  
  101  7:26  Widow Mine  
  101  7:27  SCV  
  106  7:31  Supply Depot  
  107  7:41  Orbital Command, Widow Mine  
  107  7:43  Marine x2  
  107  7:44  Marine  
  103  7:46  Widow Mine  
  103  7:49  Medivac  
  103  7:50  Medivac, Widow Mine  
  104  7:57  SCV x2  
  106  8:01  Marine  
  106  8:02  Widow Mine  
  106  8:04  Barracks Reactor x2  
  106  8:05  Barracks Reactor  
  109  8:08  SCV, Widow Mine  
  109  8:11  Widow Mine  
  114  8:19  Medivac  
  109  8:23  Widow Mine  
  109  8:27  Medivac, Orbital Command  
  101  8:29  Widow Mine  
  101  8:30  Terran Infantry Weapons Level 2  
  101  8:31  Marine x3  
  92  8:35  SCV  
  92  8:40  Marine  
  92  8:41  Marine x3  
  89  8:48  Terran Infantry Armor Level 2  
  89  8:49  Medivac  
  89  8:51  SCV x2  
  89  8:53  SCV  
  94  8:59  Widow Mine  
  94  9:00  Widow Mine x2  
  100  9:03  SCV x2  
  100  9:05  SCV  
  103  9:10  Marine x6  
  103  9:15  SCV x2  
  111  9:17  SCV  
  111  9:19  Supply Depot x2  
  112  9:27  SCV  
  112  9:28  SCV  
  112  9:30  Marine x3  
  108  9:35  Marine x6  
  108  9:36  Widow Mine x2  
  108  9:43  SCV x2  
  108  9:44  Orbital Command  
  100  9:47  Marine  
  100  9:48  Marine x2  
  80  9:53  Marine  
  80  9:54  Marine x5  
Spawning Tool Build Advisor. Get it on Overwolf

Analysis

fast drop early harrass

Go to:

Details

  • Created by: KuKey
  • Published on: Jan 07, 2023
  • Modified on: Jan 07, 2023
  • Patch: 4.11.0
  • Difficulty: Hard
Show
View Real Time Build Order
Export as new Build Order

Comments (0)

There are no comments. Be the first!

Create an account to comment!